PUBA
MOTLEY CRUE @ CAPE MAY MARINERS
04/11/1972
 
TOP OF THE 1ST
Motley Crue batting - Pitching for Cape May Mariners : LHP Dave Hamilton
Pitching: LHP Dave Hamilton
Batting: RHB Denny Jackson 0-0: Ground out 6-3 (Groundball, 6, EV 106.9 MPH)
Batting: LHB Diego San Agustin 0-0: Called Strike
0-1: Fly out, F9 (Flyball, 89S, EV 91.3 MPH)
Batting: RHB Richie Zisk 0-0: Ball
1-0: Ball
2-0: Ball
3-0: Called Strike
3-1: Called Strike
3-2: Ground out U3 (Groundball, 3L, EV 86.9 MPH)
Top of the 1st over - 0 runs, 0 hits, 0 errors, 0 left on base; Motley 0 - Cape May 0
BOTTOM OF THE 1ST
Cape May Mariners batting - Pitching for Motley Crue : LHP Jon Matlack
Pitching: LHP Jon Matlack
Batting: RHB Brandon Rose 0-0: Ball
1-0: Called Strike
1-1: Called Strike
1-2: Ground out 6-3 (Groundball, 6, EV 101.9 MPH)
Batting: RHB Tom Stephens 0-0: Called Strike
0-1: Ground out U3 (Groundball, 3, EV 79.4 MPH)
Batting: RHB Craig Sullivan 0-0: Ball
1-0: Ground out 5-3 (Groundball, 56, EV 99.4 MPH)
Bottom of the 1st over - 0 runs, 0 hits, 0 errors, 0 left on base; Motley 0 - Cape May 0
TOP OF THE 2ND
Motley Crue batting - Pitching for Cape May Mariners : LHP Dave Hamilton
Batting: RHB Jason Jordan 0-0: Ball
1-0: Ball
2-0: Ball
3-0: Called Strike
3-1: Called Strike
3-2: Foul Ball, location: 3F
3-2: Fly out, F4 (Popup, 13, EV 82.5 MPH)
Batting: RHB Mike Anderson 0-0: Called Strike
0-1: Foul Ball, location: 5F
0-2: Ball
1-2: Foul Ball, location: 23F
1-2: Foul Ball, location: 9LSFF
1-2: Ground out 6-3 (Groundball, 6, EV 91.3 MPH)
Batting: RHB Josh Schmidt 0-0: Swinging Strike
0-1: Ground out 4-3 (Groundball, 4, EV 88.1 MPH)
Top of the 2nd over - 0 runs, 0 hits, 0 errors, 0 left on base; Motley 0 - Cape May 0
BOTTOM OF THE 2ND
Cape May Mariners batting - Pitching for Motley Crue : LHP Jon Matlack
Batting: LHB Caleb Mitchell 0-0: Fly out, F2 (Popup, 2L, EV 91.9 MPH)
Batting: RHB Joe Johnson 0-0: Ball
1-0: Ball
2-0: Ball
3-0: Called Strike
3-1: Base on Balls
Batting: RHB António Zumaya 0-0: Ball
1-0: Ball
2-0: Ball
3-0: Called Strike
3-1: Base on Balls
Joe Johnson to second
Batting: RHB Jesús Vázquez 0-0: Called Strike
0-1: Ball
1-1: Foul Ball, location: 3SF
1-2: Fly out, F8 (Flyball, 8LD, EV 97.5 MPH)
Batting: RHB Rubén Martínez 0-0: Ball
1-0: Called Strike
1-1: Foul Ball, location: 9LDF
1-2: Ball
2-2: Foul Ball, location: 2F
2-2: Ball
3-2: Base on Balls
Joe Johnson to third
António Zumaya to second
Batting: RHB Carlos Rodríguez 0-0: Ball
1-0: Foul Ball, location: 2F
1-1: Ball
2-1: Ball
3-1: Foul Ball, location: 9LSF
3-2: Foul Ball, location: 9LSF
3-2: Fly out, F8 (Flyball, 8RM, EV 91.9 MPH)
Bottom of the 2nd over - 0 runs, 0 hits, 0 errors, 3 left on base; Motley 0 - Cape May 0
TOP OF THE 3RD
Motley Crue batting - Pitching for Cape May Mariners : LHP Dave Hamilton
Batting: LHB Armando Guevara 0-0: Called Strike
0-1: Swinging Strike
0-2: Strikes out swinging
Batting: RHB Mick Kelleher 0-0: Ball
1-0: Foul Ball, location: 9LMF
1-1: Foul Ball, location: 7LSF
1-2: Ground out 4-3 (Groundball, 34, EV 99.4 MPH)
Batting: RHB George Hart 0-0: Called Strike
0-1: Fly out, F9 (Flyball, 89M, EV 88.8 MPH)
Top of the 3rd over - 0 runs, 0 hits, 0 errors, 0 left on base; Motley 0 - Cape May 0
BOTTOM OF THE 3RD
Cape May Mariners batting - Pitching for Motley Crue : LHP Jon Matlack
Batting: RHB Brandon Rose 0-0: Ball
1-0: Called Strike
1-1: Ball
2-1: Fly out, F5 (Line Drive, 5, EV 72.5 MPH)
Batting: RHB Tom Stephens 0-0: Ball
1-0: DOUBLE (Flyball, 8RD, EV 110.6 MPH)
Batting: RHB Craig Sullivan 0-0: Ball
1-0: DOUBLE (Flyball, 89D, EV 88.8 MPH)
Tom Stephens scores
Batting: LHB Caleb Mitchell 0-0: Ball
1-0: Swinging Strike
1-1: Fly out, F8 (Flyball, 8LXD, EV 95.0 MPH)
Runner from 2nd tags up, SAFE at 3rd, no throw by CF
Batting: RHB Joe Johnson 0-0: Ball
1-0: Called Strike
1-1: Ground out 4-3 (Groundball, 4, EV 78.8 MPH)
Bottom of the 3rd over - 1 run, 2 hits, 0 errors, 1 left on base; Motley 0 - Cape May 1
TOP OF THE 4TH
Motley Crue batting - Pitching for Cape May Mariners : LHP Dave Hamilton
Batting: RHB Denny Jackson 0-0: Foul Ball, location: 3FF
0-1: Foul Ball, location: 7LMF
0-2: Strikes out swinging
Batting: LHB Diego San Agustin 0-0: Called Strike
0-1: Foul Ball, location: 9LMF
0-2: Ground out 5-3 (Groundball, 56, EV 88.8 MPH)
Batting: RHB Richie Zisk 0-0: Ball
1-0: Ball
2-0: Swinging Strike
2-1: Ball
3-1: Fly out, F5 (Popup, 25F, EV 85.6 MPH)
Top of the 4th over - 0 runs, 0 hits, 0 errors, 0 left on base; Motley 0 - Cape May 1
BOTTOM OF THE 4TH
Cape May Mariners batting - Pitching for Motley Crue : LHP Jon Matlack
Batting: RHB António Zumaya 0-0: Ground out 6-3 (Groundball, 6, EV 84.4 MPH)
Batting: RHB Jesús Vázquez 0-0: Called Strike
0-1: Foul Ball, location: 3DF
0-2: Ball
1-2: Ground out 6-3 (Groundball, 6, EV 89.4 MPH)
Batting: RHB Rubén Martínez 0-0: Called Strike
0-1: SOLO HOME RUN (Flyball, 9LD, EV 96.3 MPH), Distance : 354 ft
Batting: RHB Carlos Rodríguez 0-0: Ground out U3 (Groundball, 3S, EV 91.3 MPH)
Bottom of the 4th over - 1 run, 1 hit, 0 errors, 0 left on base; Motley 0 - Cape May 2
TOP OF THE 5TH
Motley Crue batting - Pitching for Cape May Mariners : LHP Dave Hamilton
Batting: RHB Jason Jordan 0-0: Ball
1-0: Called Strike
1-1: Called Strike
1-2: Ball
2-2: Ground out 6-3 (Groundball, 4MS, EV 71.3 MPH)
Batting: RHB Mike Anderson 0-0: Called Strike
0-1: Ball
1-1: Single, Error in OF, E9, batter to second base (Groundball, 3D, EV 99.4 MPH)
Batting: RHB Josh Schmidt 0-0: Ball
1-0: Swinging Strike
1-1: Ball
2-1: Fly out, F9 (Flyball, 9D, EV 107.5 MPH)
Runner from 2nd tags up, SAFE at 3rd, no throw by RF
Batting: LHB Armando Guevara 0-0: Fly out, F9 (Flyball, 89M, EV 86.3 MPH)
Top of the 5th over - 0 runs, 1 hit, 1 error, 1 left on base; Motley 0 - Cape May 2
BOTTOM OF THE 5TH
Cape May Mariners batting - Pitching for Motley Crue : LHP Jon Matlack
Batting: RHB Brandon Rose 0-0: Called Strike
0-1: Foul Ball, location: 2F
0-2: Ball
1-2: Ball
2-2: Ball
3-2: Foul Ball, location: 2F
3-2: Base on Balls
Batting: RHB Tom Stephens 0-0: Sac Bunt to 15 - play at first, batter OUT! 1-3
Brandon Rose to second
Batting: RHB Craig Sullivan 0-0: Foul Ball, location: 9LDF
0-1: Swinging Strike
0-2: Ball
1-2: Fly out, F8 (Flyball, 8RS, EV 93.1 MPH)
Batting: LHB Caleb Mitchell 0-0: Ball
1-0: Called Strike
1-1: Foul Ball, location: 7LDF
1-2: Ball
2-2: Foul Ball, location: 2RF
2-2: Strikes out swinging
Bottom of the 5th over - 0 runs, 0 hits, 0 errors, 1 left on base; Motley 0 - Cape May 2
TOP OF THE 6TH
Motley Crue batting - Pitching for Cape May Mariners : LHP Dave Hamilton
Batting: RHB Mick Kelleher 0-0: Ball
1-0: DOUBLE (Line Drive, 89D, EV 100.0 MPH)
Batting: RHB George Hart 0-0: Ball
1-0: Ball
2-0: Foul Ball, location: 2F
2-1: Ball
3-1: Base on Balls
Batting: RHB Denny Jackson 0-0: Called Strike
0-1: Ball
1-1: Ball
2-1: Called Strike
2-2: Strikes out swinging
Pinch Hitting: RHB Jason Terry 0-0: Called Strike
0-1: Foul Ball, location: 2F
0-2: Fly out, F6 (Popup, 4M, EV 58.8 MPH)
Batting: RHB Richie Zisk 0-0: Foul Ball, location: 9LSF
0-1: Fly out, F9 (Flyball, 9D, EV 80.0 MPH)
Top of the 6th over - 0 runs, 1 hit, 0 errors, 2 left on base; Motley 0 - Cape May 2
BOTTOM OF THE 6TH
Cape May Mariners batting - Pitching for Motley Crue : LHP Jon Matlack
Now at 1B: Dan Helms
Batting: RHB Joe Johnson 0-0: Called Strike
0-1: Called Strike
0-2: DOUBLE (Flyball, 8LXD, EV 95.6 MPH)
Batting: RHB António Zumaya 0-0: Called Strike
0-1: Ball
1-1: Ball
2-1: Called Strike
Joe Johnson steals 3rd, throwing error, E2
Joe Johnson to third
2-2: Ball
3-2: Base on Balls
Batting: RHB Jesús Vázquez 0-0: Foul Ball, location: 2F
0-1: Ball
1-1: Swinging Strike
1-2: Ball
2-2: Foul Ball, location: 3FF
2-2: Hit by Pitch
António Zumaya to second
Batting: RHB Rubén Martínez 0-0: Ball
1-0: Ball
2-0: Fly out, F7 (Line Drive, 78S, EV 110.0 MPH)
Batting: RHB Carlos Rodríguez 0-0: Fly out, F8 (Flyball, 89M, EV 89.4 MPH)
Runner from 3rd tags up, SCORES, no throw by CF
Batting: RHB Brandon Rose 0-0: Foul Ball, location: 23F
0-1: Foul Ball, location: 7LSFF
0-2: Ball
1-2: Ball
2-2: Ball
3-2: Ground out 5-3 (Groundball, 56, EV 103.8 MPH)
Bottom of the 6th over - 1 run, 1 hit, 1 error, 2 left on base; Motley 0 - Cape May 3
TOP OF THE 7TH
Motley Crue batting - Pitching for Cape May Mariners : LHP Dave Hamilton
Batting: RHB Jason Jordan 0-0: Called Strike
0-1: Swinging Strike
0-2: SOLO HOME RUN (Flyball, 89XD, EV 112.5 MPH), Distance : 437 ft
Pitching: LHP Walt McFarlen
Batting: RHB Mike Anderson 0-0: Ball
1-0: Ball
2-0: Swinging Strike
2-1: Swinging Strike
2-2: Foul Ball, location: 25F
2-2: Foul Ball, location: 9LMF
2-2: Strikes out swinging
Batting: RHB Josh Schmidt 0-0: Ball
1-0: Called Strike
1-1: Foul Ball, location: 2F
1-2: Strikes out looking
Pinch Hitting: RHB Danny Walton 0-0: Ball
1-0: Called Strike
1-1: Ball
2-1: Foul Ball, location: 9LMF
2-2: Strikes out looking
Top of the 7th over - 1 run, 1 hit, 0 errors, 0 left on base; Motley 1 - Cape May 3
BOTTOM OF THE 7TH
Cape May Mariners batting - Pitching for Motley Crue : LHP Jon Matlack
Now in LF: Danny Walton
Now in CF: Mike Anderson
Batting: RHB Tom Stephens 0-0: Called Strike
0-1: Called Strike
0-2: Strikes out looking
Batting: RHB Craig Sullivan 0-0: Ball
1-0: Ball
2-0: Ground out 4-3 (Groundball, 4, EV 83.8 MPH)
Batting: LHB Caleb Mitchell 0-0: Called Strike
0-1: Called Strike
0-2: Strikes out swinging
Bottom of the 7th over - 0 runs, 0 hits, 0 errors, 0 left on base; Motley 1 - Cape May 3
TOP OF THE 8TH
Motley Crue batting - Pitching for Cape May Mariners : LHP Walt McFarlen
Batting: RHB Mick Kelleher 0-0: Foul Ball, location: 25F
0-1: Ball
1-1: Ball
2-1: Foul Ball, location: 9LMF
2-2: Ground out 6-3 (Groundball, 56, EV 85.0 MPH)
Batting: RHB George Hart 0-0: Called Strike
0-1: Swinging Strike
0-2: Ball
1-2: Ball
2-2: Ball
3-2: Base on Balls
Batting: RHB Denny Jackson 0-0: Foul Ball, location: 2F
0-1: Swinging Strike
0-2: Ball
1-2: Foul Ball, location: 2F
1-2: Ball
2-2: 2-RUN HOME RUN (Flyball, 8LXD, EV 106.9 MPH), Distance : 447 ft
Batting: RHB Dan Helms 0-0: SOLO HOME RUN (Line Drive, 89XD, EV 111.9 MPH), Distance : 430 ft
Batting: RHB Richie Zisk 0-0: Called Strike
0-1: Called Strike
0-2: Foul Ball, location: 7LSFF
0-2: SOLO HOME RUN (Flyball, 78XD, EV 112.5 MPH), Distance : 452 ft
Pitching: RHP Ron Roberson
Batting: RHB Jason Jordan 0-0: Hit by Pitch
Batting: RHB Mike Anderson 0-0: Fly out, F6 (Popup, 56, EV 68.1 MPH)
Batting: RHB Josh Schmidt 0-0: Called Strike
0-1: Called Strike
0-2: Ball
1-2: Ball
2-2: Ball
3-2: Fly out, F8 (Flyball, 8LM, EV 88.8 MPH)
Top of the 8th over - 4 runs, 3 hits, 0 errors, 1 left on base; Motley 5 - Cape May 3
BOTTOM OF THE 8TH
Cape May Mariners batting - Pitching for Motley Crue : LHP Jon Matlack
Now in CF: José Corona
Batting: RHB Joe Johnson 0-0: Swinging Strike
0-1: Ball
1-1: Swinging Strike
1-2: Fly out, F8 (Flyball, 8LD, EV 100.6 MPH)
Batting: RHB António Zumaya 0-0: Called Strike
0-1: Ball
1-1: Ball
2-1: Ball
3-1: Called Strike
3-2: Base on Balls
Pitching: RHP José Ramírez
Pinch Hitting: LHB Jason Hughes 0-0: Called Strike
0-1: Fly out, F8 (Flyball, 78M, EV 91.3 MPH)
Batting: RHB Rubén Martínez 0-0: Foul Ball, location: 5F
0-1: Ball
1-1: Foul Ball, location: 5F
1-2: DOUBLE (Groundball, 5L, EV 95.0 MPH)
António Zumaya to third
Batting: RHB Carlos Rodríguez 0-0: Foul Ball, location: 2F
0-1: Ball
1-1: Called Strike
1-2: Ground out 4-3 (Groundball, 4, EV 79.4 MPH)
Bottom of the 8th over - 0 runs, 1 hit, 0 errors, 2 left on base; Motley 5 - Cape May 3
TOP OF THE 9TH
Motley Crue batting - Pitching for Cape May Mariners : RHP Ron Roberson
Now at 1B: Don Webber
Batting: RHB Danny Walton 0-0: Ball
1-0: Called Strike
1-1: Ball
2-1: Swinging Strike
2-2: Foul Ball, location: 2F
2-2: Strikes out looking
Batting: RHB Mick Kelleher 0-0: Foul Ball, location: 3FF
0-1: Foul Ball, location: 5FF
0-2: Foul Ball, location: 5SF
0-2: Ball
1-2: Foul Ball, location: 2F
1-2: Foul Ball, location: 2RF
1-2: Ball
2-2: Foul Ball, location: 5DF
2-2: Strikes out swinging
Batting: RHB George Hart 0-0: Called Strike
0-1: Ball
1-1: Ball
2-1: SOLO HOME RUN (Flyball, 89XD, EV 108.1 MPH), Distance : 427 ft
Batting: RHB Denny Jackson 0-0: Ball
1-0: Foul Ball, location: 5F
1-1: Ball
2-1: Called Strike
2-2: Foul Ball, location: 5F
2-2: Ball
3-2: Fly out, F7 (Flyball, 7S, EV 88.8 MPH)
Top of the 9th over - 1 run, 1 hit, 0 errors, 0 left on base; Motley 6 - Cape May 3
BOTTOM OF THE 9TH
Cape May Mariners batting - Pitching for Motley Crue : RHP José Ramírez
Batting: RHB Brandon Rose 0-0: Ball
1-0: Swinging Strike
1-1: Ball
2-1: Foul Ball, location: 3F
2-2: Ball
3-2: Reached on error, E4 (Groundball, 4, EV 86.9 MPH)
Batting: RHB Tom Stephens 0-0: Ball
1-0: Foul Ball, location: 9LMF
1-1: Ball
Passed Ball!
Brandon Rose to third
2-1: Foul Ball, location: 2F
2-2: Ground out 6-3 (Groundball, 6, EV 101.3 MPH)
Brandon Rose scores
Batting: RHB Craig Sullivan 0-0: Ball
1-0: Swinging Strike
1-1: DOUBLE (Line Drive, 78XD, EV 100.6 MPH)
Batting: LHB Caleb Mitchell 0-0: Ball
1-0: Swinging Strike
1-1: Ball
2-1: Ball
3-1: Called Strike
3-2: Base on Balls
Batting: RHB Joe Johnson 0-0: Ball
1-0: Ground out 5-3 (Groundball, 5S, EV 66.9 MPH)
Craig Sullivan to third
Caleb Mitchell to second
Pinch Hitting: RHB Leroy Stanton 0-0: Ball
1-0: Foul Ball, location: 9LDF
1-1: Ball
2-1: Foul Ball, location: 7LSF
2-2: Ball
3-2: Base on Balls
Pinch Hitting: RHB Jeremy Hurley 0-0: Ball
1-0: Ball
2-0: Foul Ball, location: 25F
2-1: Foul Ball, location: 2F
2-2: SINGLE (Groundball, 56D, EV 94.4 MPH)
Craig Sullivan scores
Caleb Mitchell to third
Leroy Stanton to second
Runner from 3rd tries for Home, SAFE, throw by LF to home
Batting: RHB Rubén Martínez 0-0: Ball
1-0: Ball
2-0: Called Strike
2-1: Foul Ball, location: 2F
2-2: Ground out 5-3 (Groundball, 5S, EV 73.1 MPH)
Bottom of the 9th over - 3 runs, 2 hits, 1 error, 2 left on base; Motley 6 - Cape May 6
TOP OF THE 10TH
Motley Crue batting - Pitching for Cape May Mariners : RHP Ron Roberson
Now at C: Jim Jensen
Now at 1B: Jeremy Hurley
Pinch Hitting: LHB Hal Scott 0-0: Ball
1-0: Called Strike
1-1: Ball
2-1: TRIPLE (Line Drive, 89XD, EV 110.0 MPH)
Batting: RHB Richie Zisk 0-0: Intentional Walk
Batting: RHB Jason Jordan 0-0: Ball
Passed Ball!
Hal Scott scores
Richie Zisk to second
1-0: Intentional Walk
Batting: LHB José Corona 0-0: Called Strike
0-1: Called Strike
0-2: Ball
1-2: Ball
2-2: Ball
3-2: Base on Balls
Richie Zisk to third
Jason Jordan to second
Batting: RHB Josh Schmidt 0-0: Ball
1-0: Foul Ball, location: 25FF
1-1: Ball
2-1: Swinging Strike
2-2: Strikes out swinging
Batting: RHB Danny Walton 0-0: Ball
1-0: Ball
2-0: Foul Ball, location: 9LMF
2-1: Ball
3-1: Foul Ball, location: 2F
3-2: Base on Balls
Richie Zisk scores
Jason Jordan to third
José Corona to second
Batting: RHB Mick Kelleher 0-0: Swinging Strike
0-1: Ball
1-1: Foul Ball, location: 25F
1-2: Strikes out looking
Batting: RHB George Hart 0-0: Ball
1-0: Ball
2-0: Called Strike
2-1: Ball
3-1: Foul Ball, location: 3SF
3-2: Base on Balls
Jason Jordan scores
José Corona to third
Danny Walton to second
Batting: RHB Denny Jackson 0-0: Foul Ball, location: 2RF
0-1: Foul Ball, location: 3DF
0-2: Ball
Passed Ball!
José Corona scores
Danny Walton to third
George Hart to second
1-2: SINGLE (Line Drive, 8RS, EV 91.3 MPH)
Danny Walton scores
George Hart to third
Runner from 3rd tries for Home, SAFE, throw by CF to home
Pitching: RHP John Pope
Batting: LHB Hal Scott 0-0: Ball
1-0: Called Strike
1-1: Ball
2-1: Fly out, F4 (Popup, 4MS, EV 79.4 MPH)
Top of the 10th over - 6 runs, 2 hits, 0 errors, 1 left on base; Motley 12 - Cape May 6
BOTTOM OF THE 10TH
Cape May Mariners batting - Pitching for Motley Crue : RHP José Ramírez
Pitching: RHP Rich Hand
Now at 1B: Gary Wilson
Batting: RHB Carlos Rodríguez 0-0: Foul Ball, location: 23F
0-1: Ball
1-1: Fly out, F7 (Flyball, 7, EV 98.8 MPH)
Batting: RHB Brandon Rose 0-0: Called Strike
0-1: Foul Ball, location: 9LDF
0-2: Foul Ball, location: 2F
0-2: Ball
1-2: Foul Ball, location: 9LMF
1-2: Ball
2-2: Ball
3-2: Foul Ball, location: 5SF
3-2: Base on Balls
Batting: RHB Tom Stephens 0-0: Grounds into double play, 6-4-3 (Groundball, 6, EV 85.0 MPH)
Bottom of the 10th over - 0 runs, 0 hits, 0 errors, 0 left on base; Motley 12 - Cape May 6
Friday, February 23rd , 2024 - OOTP Baseball 24.8 Build 75